 Dungeon Crawl Stone Soup version 0.25-b1-37-g2669288c55 (webtiles) character file.

Game seed: 5940419562143079888

338 funkygono the Shield-Bearer (level 6, -8/53 HPs)
             Began as a Minotaur Fighter on June 7, 2020.
             Mangled by an orc warrior
             ... wielding a +0 trident
              (10 damage)
             ... on level 4 of the Dungeon.
             The game lasted 00:06:16 (3063 turns).

funkygono the Shield-Bearer (Minotaur Fighter)      Turns: 3063, Time: 00:06:17

Health: -8/53      AC:  7    Str: 25    XL:     6   Next: 29%
Magic:  5/5        EV:  9    Int:  5    God:
Gold:   143        SH: 11    Dex:  9    Spells: 5/5 levels left

rFire    + . .     SeeInvis .   a - +0 flail
rCold    x . .     Gourm    .   c - +1 kite shield
rNeg     . . .     Faith    .   p - +1 ring mail "Maece" {Str+2 Stlth+} (curse)
rPois    .         Spirit   .   (helmet restricted)
rElec    .         Reflect  .   (no cloak)
rCorr    .         Harm     .   (no gloves)
MR       +....                  (no boots)
Stlth    ++........             (no amulet)
HPRegen  0.17/turn              l - ring of fire (curse)
MPRegen  0.09/turn              h - ring of protection from magic

@: no status effects
A: retaliatory headbutt, horns 2
a: no special abilities


You were on level 4 of the Dungeon.
You were not hungry.

You visited 1 branch of the dungeon, and saw 4 of its levels.

You collected 143 gold pieces.

Inventory:

Hand Weapons
 a - a +0 flail (weapon)
Missiles
 m - 17 arrows
 t - 6 bolts
Armour
 b - a +0 scale mail
 c - a +1 kite shield (worn)
 n - a +0 chain mail
 p - the cursed +1 ring mail "Maece" (worn) {Str+2 Stlth+}
   (You found it on level 4 of the Dungeon)

   It affects your strength (+2).
   It makes you more stealthy.
   It has a curse placed upon it.
Jewellery
 h - a ring of protection from magic (right hand)
 i - an uncursed amulet of magic regeneration {unknown}
 l - a cursed ring of fire (left hand)
Scrolls
 e - a scroll of remove curse
 r - 2 scrolls of identify
 s - a scroll of fear {unknown}
Potions
 d - 2 potions of might
 g - a potion of heal wounds
 j - a potion of magic {unknown}
 k - a potion of lignification {unknown}
 q - 2 potions of curing {unknown}
Comestibles
 f - 5 rations
 o - 3 chunks of flesh


   Skills:
 + Level 4.6 Fighting
 + Level 4.6 Maces & Flails
 + Level 4.8 Armour
 + Level 1.3 Dodging
 + Level 1.5 Stealth
 + Level 5.3 Shields
   Level 0.1 Evocations


You had 5 spell levels left.
You didn't know any spells.
Your spell library contained the following spells:

 Spells                   Type           Power        Failure   Level  Hunger
 Animate Skeleton         Necr           N/A          95%         1    ##.....
 Apportation              Tloc           #.....       95%         1    ##.....
 Corona                   Hex            #......      95%         1    ##.....
 Summon Small Mammal      Summ           #...         95%         1    ##.....


Dungeon Overview and Level Annotations

Branches:
Dungeon (4/15)
 Temple: D:4-7

Altars:
Dithmenos
Fedhas
Nemelex Xobeh
Trog
The Shining One


Innate Abilities, Weirdness & Mutations

You reflexively headbutt those who attack you in melee.
You have a pair of horns on your head.


Message History

You block the orc's attack. You block the orc warrior's attack.
You hit the orc warrior but do no damage.
The orc warrior is lightly wounded.
You block the orc's attack.
The orc warrior hits you with a +0 trident.
* * * LOW HITPOINT WARNING * * *
You closely miss the orc warrior.
The orc warrior is lightly wounded.
You block the orc's attack.
The orc warrior hits you with a +0 trident!
* * * LOW HITPOINT WARNING * * *
You hit the orc warrior. Your headbutt misses the orc warrior.
The orc warrior is moderately wounded.
The orc hits you from afar with a +0 trident.
* * * LOW HITPOINT WARNING * * *
The orc warrior barely misses you.
The orc hits you from afar with a +0 trident.
* * * LOW HITPOINT WARNING * * *
The orc warrior hits you with a +0 trident!
You die...

#..## ###......#
#...#####.......##
#...............#
#...............#
##.........###...#
...........# ##..#
....####...# #..#
.<.## ##...# #..#
....###....# ##@#
...)......## ##o#
...######## #oo#
..## #.o# .##
#.)## .# ##..###
.## ##...#
..###### ##..#
........ ##.#


You could see an orc warrior, an orc wizard and 2 orcs.

Vanquished Creatures
  An eye of draining (D:4)
  An orc priest (D:4)
  A bullfrog skeleton (D:4)
  Jessica (D:3)
  A hound skeleton (D:4)
  7 adders
  An ooze (D:3)
  2 worms (D:3)
  4 dart slugs
  2 leopard geckos
  3 orcs (D:4)
  2 giant cockroaches
  7 goblins
  9 hobgoblins
  2 jackals (D:1)
  3 quokkas
  12 bats
  6 frilled lizards
  7 kobolds
  A quokka skeleton (D:4)
  7 rats
80 creatures vanquished.

Notes
Turn   | Place    | Note
-------+----------+-------------------------------------------
     0 | D:1      | funkygono the Minotaur Fighter began the quest for the Orb.
     0 | D:1      | Reached XP level 1. HP: 19/19 MP: 0/0
   138 | D:1      | Reached XP level 2. HP: 19/27 MP: 1/1
   430 | D:1      | Reached skill level 4 in Shields
   617 | D:1      | Reached XP level 3. HP: 29/33 MP: 2/2
  1331 | D:2      | Found a shadowy altar of Dithmenos.
  1460 | D:2      | Found a sparkling altar of Nemelex Xobeh.
  1468 | D:2      | Reached XP level 4. HP: 39/41 MP: 3/3
  2164 | D:3      | Reached XP level 5. HP: 47/47 MP: 4/4
  2173 | D:3      | Found a glowing golden altar of the Shining One.
  2270 | D:3      | Found a blossoming altar of Fedhas.
  2326 | D:3      | Noticed Jessica
  2327 | D:3      | Killed Jessica
  2725 | D:4      | Reached skill level 1 in Stealth
  2730 | D:4      | Reached skill level 1 in Dodging
  2780 | D:4      | Got an amber-encrusted ring mail
  2791 | D:4      | Identified the cursed +1 ring mail "Maece" {Str+2 Stlth+}
                  | (You found it on level 4 of the Dungeon)
  2818 | D:4      | Found a bloodstained altar of Trog.
  2818 | D:4      | Noticed an eye of draining
  2832 | D:4      | Killed an eye of draining
  2832 | D:4      | Reached skill level 5 in Shields
  2832 | D:4      | Reached XP level 6. HP: 53/53 MP: 1/5
  2980 | D:4      | Noticed an orc warrior
  3063 | D:4      | HP: 2/53 [orc/+0 trident (2)]
  3063 | D:4      | Mangled by an orc warrior

Illustrated notes

Levels and vault maps discovered:
D:1:      onia_arrival_mini_maze, layout_basic
D:2:      layout_basic, grunt_dithmenos_smoke_and_mirrors,
          hangedman_abyss_or_decor_lesser_grid,
          nemelex_xobeh_ov_fountains_minmay
D:3:      layout_loops_cross, old_standard_altar, nicolae_tso_carved_into_rock,
          minmay_misc_feat_rows, hangedman_decor_points, minmay_misc_feat_chi,
          uniq_jessica
D:4:      layout_layer_cave, dk_noncrumbling_2, trog_eyes_of_draining

Skill      XL: |  1  2  3  4  5 |
---------------+----------------+-----
Fighting       | 4 |  4.6
Shields        | 4 5 |  5.3
Maces & Flails | 3 4 |  4.6
Armour         | 4 |  4.8
Stealth        | 1 |  1.5
Dodging        | 1 |  1.3
Evocations     | |  0.1

Action                   |  1- 3 |  4- 6 || total
-------------------------+-------+-------++-------
Melee: Flail             |   106 |   100 ||   206
       Headbutt          |    10 |    17 ||    27
Evoke: Wand              |       |     8 ||     8
  Use: Scroll            |     3 |     3 ||     6
 Stab: Paralysed         |       |     4 ||     4
  Eat: Chunk             |     2 |     5 ||     7
Armor: Scale mail        |    43 |    27 ||    70
       Ring mail         |       |     5 ||     5
Dodge: Dodged            |    36 |    29 ||    65
Block: Kite shield       |    43 |    59 ||   102
